 Dungeon Crawl Stone Soup version 0.29-a0-559-g359e09b9d1 (webtiles) character file.

Game seed: 9705123916872940180

9583 freelancePsychic the Fighter (level 11, -3/100 HPs)
             Began as a Pale Draconian Transmuter on June 9, 2022.
             Was an Elder of Cheibriados.
             Slain by a death yak simulacrum (13 damage)
             ... in an ice cave.
             The game lasted 00:16:28 (10772 turns).

freelancePsychic the Fighter (DrTm)                Turns: 10772, Time: 00:16:28

Health: -3/100     AC: 13    Str: 21    XL:     11   Next: 24%
Magic:  18/18      EV: 18    Int: 28    God:    Cheibriados [****..]
Gold:   660        SH:  0    Dex: 24    Spells: 15/20 levels left

rFire   . . .      SeeInvis .   c - +3 quarterstaff (spect)
rCold   + . .      Faith    .   (shield currently unavailable)
rNeg    . . .      Spirit   .   (body armour unavailable)
rPois   +          Reflect  .   (helmet restricted)
rElec   .          Harm     .   P - +0 cloak {rPois}
rCorr   .          Rampage  .   (no gloves)
Will    .....                   w - +0 pair of boots
Stlth   +++.......              (no amulet)
HPRegen 0.26/turn               i - ring of protection from cold
MPRegen 0.16/turn               G - +4 ring of protection

@: very slow
A: breathe steam, AC +7, unfitting armour, cold-blooded, steam resistance, thin
skeletal structure 1, agile 1
a: Breathe Steam, Renounce Religion, Bend Time, Temporal Distortion, Slouch


You were in an ice cave.
You worshipped Cheibriados.
Cheibriados was greatly pleased with you.
You visited 2 branches of the dungeon, and saw 12 of its levels.
You also visited: Ice Cave.

You collected 688 gold pieces.
You spent 28 gold pieces at shops.

Inventory:

Hand Weapons
 c - a +3 spectral quarterstaff (weapon)
Missiles
 H - 2 throwing nets
Armour
 w - a +0 pair of boots (worn)
 A - a +0 kite shield
 P - a +0 cloak of poison resistance (worn)
Magical Staves
 p - a staff of air
Jewellery
 b - an amulet of faith
 f - an amulet of guardian spirit
 i - a ring of protection from cold (left hand)
 u - a +6 ring of dexterity
 G - a +4 ring of protection (right hand)
Wands
 h - a wand of iceblast (1)
 k - a wand of mindburst (5)
 o - a wand of charming (9)
 t - a wand of digging (8)
 z - a wand of acid (10)
 M - a wand of polymorph (4)
Scrolls
 g - 2 scrolls of brand weapon
 l - 3 scrolls of enchant armour
 n - a scroll of amnesia
 s - 2 scrolls of teleportation {@r4}
 v - a scroll of poison
 y - a scroll of silence
 D - a scroll of blinking
 K - a scroll of torment
 N - a scroll of fear
Potions
 a - 4 potions of lignification
 d - 2 potions of might
 e - a potion of berserk rage {unknown}
 j - 5 potions of attraction {unknown}
 m - a potion of experience {unknown}
 q - 2 potions of invisibility
 r - 3 potions of magic {unknown}
 x - 4 potions of mutation
 B - 2 potions of heal wounds {unknown}
 C - a potion of haste {unknown}
 E - a potion of brilliance {unknown}
 J - a potion of ambrosia {unknown}
 Q - a potion of cancellation {unknown}
Miscellaneous
 O - a phantom mirror


   Skills:
 - Level 10.2 Fighting
 - Level 6.0 Staves
 + Level 6.9 Dodging
 - Level 3.0 Unarmed Combat
 - Level 5.1 Spellcasting
 + Level 7.0 Transmutations
 - Level 8.8 Air Magic
 - Level 0.3 Poison Magic


You had 15 spell levels left.
You knew the following spells:

 Your Spells              Type           Power      Damage    Failure   Level
a - Beastly Appendage     Tmut           92%        N/A       1%          1
b - Airstrike             Air            27%        N/A       1%          4

Your spell library contained the following spells:

 Spells                   Type           Power      Damage    Failure   Level
 Shock                    Conj/Air       100%       1d9       1%          1
 Poisonous Vapours        Pois/Air       64%        N/A       1%          2
 Wereblood                Tmut           46%        N/A       1%          2
 Swiftness                Air            54%        N/A       1%          3
 Spider Form              Tmut/Pois      27%        N/A       4%          3
 Apportation              Tloc           14%        N/A       7%          1
 Necrotize                Necr           28%        1d5       7%          1
 Summon Small Mammal      Summ           28%        N/A       7%          1
 Ice Form                 Ice/Tmut       26%        N/A       16%         4
 Corpse Rot               Necr/Pois/Air  24%        N/A       19%         4
 Call Canine Familiar     Summ           7%         N/A       21%         3
 Dazzling Flash           Conj/Hex       14%        N/A       21%         3
 Portal Projectile        Hex/Tloc       14%        N/A       21%         3
 Silence                  Hex/Air        15%        N/A       30%         5
 Fulminant Prism          Conj/Hex       3%         3d6       54%         4
 Iskenderun's Mystic Bla  Conj/Tloc      7%         2d4       54%         4
 Leda's Liquefaction      Hex/Erth       3%         N/A       54%         4
 Agony                    Necr           7%         N/A       88%         5
 Lee's Rapid Deconstruct  Erth           3%         3d6*      88%         5


Dungeon Overview and Level Annotations

Branches:
Dungeon (11/15)            Temple (0/1) D:5            Lair (1/6) D:8
  IceCv (1/1)
    Orc: D:9-12

Altars:
Ashenzari
Cheibriados
Gozag
Nemelex Xobeh
Okawaru
Qazlal
Sif Muna
Trog
Uskayaw
Xom
Yredelemnul
Zin
The Shining One

Shops:
D:4 :   D:9 *   D:10 :

Portals:
Trove: D:10 (give +5 demon blade)

Annotations:
D:6 exclusion: 3 doors
Lair:1 2 transporters, IdlyInterested's ghost, journeyman DsGl


Innate Abilities, Weirdness & Mutations

You can breathe blasts of scalding, opaque steam.
Your pale cyan-grey scales are hard. (AC +7)
You cannot fit into any form of body armour.
You are cold-blooded and may be slowed by cold attacks.
You are immune to the effects of steam.
You have a somewhat thin skeletal structure. (Dex +2, Stealth+)
You are agile. (Dex +2)


Message History

The komodo dragon hisses angrily.
The world spins around you as you enter the gateway.
You enter an ice cave!
Found 12 gold pieces.
Found an ice covered gate leading back out of this place.
There is an ice choked empty arch of ancient stone here.
There are monsters nearby!
Aiming: Breathe Steam (1% risk of failure)
Press: ? - help, Shift-Dir - straight line, f - wolf simulacrum
Aim: a wolf simulacrum (dormant, 100% to hit)
You exhale a blast of scalding steam.
Cheibriados thoroughly appreciates the change of pace.
You feel a bit more experienced.
The wolf simulacrum is engulfed in a cloud of scalding steam.
You sock the white ugly thing!
The white ugly thing is lightly wounded.
Your +3 spectral quarterstaff hits the white ugly thing.
The harpy simulacrum barely misses you. The harpy simulacrum claws you.
The harpy simulacrum freezes you. You resist. The white ugly thing engulfs you!
The white ugly thing freezes you! You resist.
As you read the scroll of summoning, it crumbles to dust.
Wisps of shadow whirl around you...
The harpy simulacrum completely misses you. x2
The harpy simulacrum barely misses you. x2; The white ugly thing engulfs you!
The white ugly thing freezes you! You resist. The harpy simulacrum claws you.
The harpy simulacrum freezes you. You resist.
The harpy simulacrum closely misses you.
You barely miss the white ugly thing.
The white ugly thing is lightly wounded.
Your +3 spectral quarterstaff hits the white ugly thing.
You have got your breath back.
The harpy simulacrum claws you. The harpy simulacrum freezes you! You resist.
The harpy simulacrum closely misses you.
The white ugly thing engulfs you! The white ugly thing freezes you! You resist.
* * * LOW HITPOINT WARNING * * *
Your wolf simulacrum barely misses the harpy simulacrum.
The death yak simulacrum gores you.
* * * LOW HITPOINT WARNING * * *
The death yak simulacrum freezes you! You resist.
You die...

### ###...
#......
##.......
##........
#.Z§Z...8.
#.(Z......
#§@uZ....$
#..ZZ.....
#.......8.
##........
##.......
#......
###... ###


You could see a white ugly thing, a wolf simulacrum, a death yak simulacrum, an
elephant simulacrum, a harpy simulacrum (ally target), a friendly +3 spectral
quarterstaff (summoned), a friendly wolf simulacrum (summoned) and a friendly
death yak simulacrum (summoned).

Vanquished Creatures
  Josephine (D:10)
  A two-headed ogre (D:10)
  Urug (Lair:1)
  A deep elf pyromancer (D:9)
  A cyclops (D:11)
  A manticore (D:11)
  Psyche (D:8)
  An unseen horror (D:11)
  3 trolls
  A polar bear (Lair:1)
  Sigmund (D:5)
  3 wyverns
  3 yaks (D:9)
  5 wraiths
  A basilisk (D:11)
  2 steam dragons
  3 vampire mosquitoes (D:11)
  A water moccasin (D:8)
  3 black bears
  An ice beast (D:7)
  2 centaurs (D:10)
  2 kobold brigands
  A phantom (D:6)
  Blork the orc (D:5)
  A necrophage (D:7)
  4 bullfrogs
  A scorpion (D:4)
  3 killer bees (D:8)
  8 howler monkeys
  2 hounds (D:7)
  3 jellies
  4 orc priests
  A gnoll shaman (D:8)
  3 iguanas
  A hell rat (Lair:1)
  7 orc wizards
  A wolf simulacrum (IceCv)
  7 gnolls
  9 adders
  4 shadow imps
  A white imp (D:7)
  An ufetubus (D:7)
  2 worms
  2 dart slugs
  23 orcs
  14 endoplasms
  3 giant cockroaches
  8 goblins
  11 hobgoblins
  2 jackals (D:3)
  15 kobolds
  8 quokkas
  5 ball pythons
  7 bats
  5 rats
207 creatures vanquished.

Vanquished Creatures (others)
  An angel (D:5)
  A bullfrog (Lair:1)
  3 fungi (Lair:1)
  4 plants
9 creatures vanquished.

Grand Total: 216 creatures vanquished

Notes
Turn   | Place    | Note
-------+----------+-------------------------------------------
     0 | D:1      | freelancePsychic the Draconian Transmuter began the quest
                  | for the Orb.
     0 | D:1      | Reached XP level 1. HP: 16/16 MP: 3/3
   397 | D:1      | Found a faded altar of an unknown god.
   490 | D:1      | Reached XP level 2. HP: 23/23 MP: 5/5
   495 | D:1      | Reached skill level 1 in Staves
   966 | D:2      | Reached skill level 2 in Fighting
  1139 | D:2      | Reached XP level 3. HP: 23/29 MP: 6/6
  1721 | D:2      | Reached XP level 4. HP: 22/37 MP: 7/7
  2212 | D:3      | Reached skill level 3 in Fighting
  2524 | D:3      | Reached XP level 5. HP: 45/45 MP: 9/9
  2526 | D:3      | Gained mutation: You are clumsy. (Dex -2) [potion of
                  | mutation]
  2536 | D:3      | Lost mutation: You are clumsy. (Dex -2) [potion of
                  | mutation]
  2536 | D:3      | Gained mutation: You have a somewhat thin skeletal
                  | structure. (Dex +2, Stealth+) [potion of mutation]
  2536 | D:3      | Gained mutation: You are agile. (Dex +2) [potion of
                  | mutation]
  3173 | D:4      | Reached XP level 6. HP: 52/52 MP: 11/11
  3181 | D:4      | Reached skill level 4 in Fighting
  3312 | D:4      | Found a bloodstained altar of Trog.
  3555 | D:4      | Found Ekimod's Book Shop.
  3637 | D:4      | Your scales start taking on a pale cyan-grey colour.
  3637 | D:4      | Reached XP level 7. HP: 36/60 MP: 11/13
  3637 | D:4      | Gained mutation: You are immune to the effects of steam.
                  | [Pale Draconian growth]
  3826 | D:4      | Found a basalt altar of Yredelemnul.
  4156 | D:5      | Entered Level 5 of the Dungeon
  4168 | D:5      | Found a glowing silver altar of Zin.
  4168 | D:5      | Found a shimmering altar of Xom.
  4168 | D:5      | Noticed an angel
  4179 | D:5      | Noticed Blork the orc
  4188 | D:5      | Killed Blork the orc
  4189 | D:5      | Reached skill level 5 in Fighting
  4265 | D:5      | Found a snail-covered altar of Cheibriados.
  4351 | D:5      | Became a worshipper of Cheibriados the Contemplative
  4411 | D:5      | Found a sparkling altar of Nemelex Xobeh.
  4428 | D:5      | Found a staircase to the Ecumenical Temple.
  4485 | D:5      | Found an opulent altar of Gozag.
  4577 | D:5      | Found a broken altar of Ashenzari.
  4593 | D:5      | Noticed a wraith
  4612 | D:5      | Killed a wraith
  4721 | D:5      | Noticed Sigmund
  4744 | D:5      | Killed an angel
  4780 | D:5      | Killed Sigmund
  4781 | D:5      | Reached skill level 5 in Staves
  4781 | D:5      | Reached skill level 5 in Spellcasting
  4781 | D:5      | Reached XP level 8. HP: 70/70 MP: 15/15
  4907 | D:6      | Reached skill level 6 in Fighting
  4972 | D:6      | Reached skill level 1 in Air Magic
  5254 | D:6      | Found a stormy altar of Qazlal.
  5369 | D:6      | Noticed a boulder beetle
  5436 | D:7      | Reached * piety under Cheibriados
  5471 | D:7      | Found an iron altar of Okawaru.
  5740 | D:7      | Reached skill level 7 in Fighting
  6619 | D:8      | Reached XP level 9. HP: 80/80 MP: 16/16
  6628 | D:8      | Learned a level 4 spell: Airstrike
  6662 | D:8      | Reached skill level 5 in Air Magic
  6715 | D:8      | Reached ** piety under Cheibriados
  6716 | D:8      | Reached skill level 8 in Fighting
  6777 | D:8      | Noticed Psyche
  6788 | D:8      | Killed Psyche
  6889 | D:8      | Found a staircase to the Lair.
  7155 | D:8      | Reached skill level 9 in Fighting
  7561 | D:9      | Noticed a deep elf pyromancer
  7569 | D:9      | Killed a deep elf pyromancer
  7570 | D:9      | Reached skill level 10 in Fighting
  7577 | D:9      | Noticed a troll
  7587 | D:9      | Killed a troll
  7588 | D:9      | Reached XP level 10. HP: 76/93 MP: 17/17
  7815 | D:9      | Found a glowing golden altar of the Shining One.
  7879 | D:9      | Found Comeo's Assorted Antiques.
  7882 | D:9      | Bought a scroll labelled DUIS USKOTHROI for 28 gold pieces
  8083 | D:10     | Entered Level 10 of the Dungeon
  8088 | D:10     | Found Poath's Book Boutique.
  8116 | D:10     | Found a portal to a secret trove of treasure.
  8124 | D:10     | Noticed Josephine
  8432 | D:10     | Reached *** piety under Cheibriados
  8474 | D:10     | Found a shimmering blue altar of Sif Muna.
  8517 | D:10     | Noticed a two-headed ogre
  8526 | D:10     | Killed a two-headed ogre
  8605 | D:10     | Killed Josephine
  8606 | D:10     | Reached skill level 5 in Dodging
  8610 | D:10     | Reached skill level 5 in Transmutations
  8879 | D:10     | Found a hide-covered altar of Uskayaw.
  8879 | D:10     | Noticed a +0 dagger
  8880 | D:10     | Noticed a +0 falchion
  8881 | D:10     | Noticed a +0 spear
  8881 | D:10     | Noticed a +0 spear
  8882 | D:10     | Noticed a +0 dagger
  8882 | D:10     | Noticed a +0 falchion
  8883 | D:10     | Noticed a +0 short sword
  8884 | D:10     | Noticed a +0 short sword
  9617 | D:11     | Noticed a manticore
  9628 | D:11     | Killed a manticore
  9785 | D:11     | Reached XP level 11. HP: 38/100 MP: 18/18
 10288 | Lair:1   | Entered Level 1 of the Lair of Beasts
 10390 | Lair:1   | Found a transporter.
 10390 | Lair:1   | Noticed Urug
 10390 | Lair:1   | Noticed IdlyInterested's ghost (journeyman DsGl)
 10400 | Lair:1   | Found a transporter.
 10713 | Lair:1   | Killed Urug
 10713 | Lair:1   | Reached **** piety under Cheibriados
 10757 | Lair:1   | Found a frozen archway.
 10764 | IceCv    | Entered an ice cave
 10764 | IceCv    | Noticed a white ugly thing
 10772 | IceCv    | Slain by a death yak simulacrum

Illustrated notes

Levels and vault maps discovered:
D:1:      minmay_arrival_three_doors, layout_basic,
          shapermc_ecumenical_altar_gd, minmay_stone_trees_small, minmay_cupped
D:2:      layout_loops_ring, serial_bayou_pond_b
D:3:      layout_loops_ring, chequers_serial_rivers_large_a, minivault_11
D:4:      layout_basic, amcnicky_altar_gilded,
          mainiacjoe_overflow_cross_hatched, nicolae_wooded_promenade
D:5:      layout_basic, grunt_temple_overflow_order_and_chaos_1,
          nicolae_ashenzari_panopticon, nemelex_xobeh_ov_fountains_minmay,
          mainiacjoe_overflow_surrounded_room, cheibriados_altar_1,
          minmay_temple_entry_glassed_door, st_stairs_4, minmay_holes,
          uniq_blork_the_orc, uniq_sigmund
D:6:      minmay_chambers_of_threes, layout_basic, mainiacjoe_overflow_brackets
D:7:      layout_basic, mainiacjoe_overflow_24_doors, kennysheep_generic_room_3
D:8:      layout_basic, lair_entry_dummy, st_stairs_7, minmay_misc_feat_tiny,
          uniq_psyche
D:9:      layout_long_grid, tso_metal_star, serial_shops, kennysheep_mini,
          small_statue_intersection
D:10:     layout_basic, nicolae_uskayaw_en_pointe, lemuel_round_altar,
          nicolae_trove_entry_isolated, serial_shops, nicolae_diamond_shop,
          uniq_josephine
D:11:     layout_big_octagon
Lair:1:   layout_layer_cave, gammafunk_ghost_arena,
          portal_ice_cave_entry_pillars_2, kennysheep_abandoned_house,
          uniq_grum, uniq_nergalle, uniq_urug
IceCv:    ice_cave_statue_garden_transporter

Skill      XL: |  1  2  3  4  5  6  7  8  9 10 11 |
---------------+----------------------------------+-----
Staves         | 1 2 3 4 5 6 |  6.0
Fighting       | 2 3 4 5 7 10 | 10.2
Spellcasting   | 3 4 5 |  5.1
Air Magic      | 4 8 |  8.8
Dodging        | 6 |  6.9
Transmutations | 6 7 |  7.0
Unarmed Combat | |  3.0
Poison Magic   | |  0.3

Action                   |  1- 3 |  4- 6 |  7- 9 | 10-12 || total
-------------------------+-------+-------+-------+-------++-------
Melee: Quarterstaff      |    53 |   107 |   118 |    92 ||   370
       Unarmed           |     5 |       |       |       ||     5
       Tailslap          |     6 |     6 |    15 |    13 ||    40
       Punch             |     1 |       |       |       ||     1
 Cast: Airstrike         |       |       |       |     7 ||     7
 Abil: Breathe Steam     |       |       |    15 |    11 ||    26
  Use: Scroll            |     5 |       |     7 |    11 ||    23
       Potion            |       |     4 |       |     6 ||    10
 Stab: Sleeping          |     1 |     8 |     9 |       ||    18
       Distracted        |       |     2 |     2 |     1 ||     5
Armor: Skin              |    21 |    29 |    44 |    48 ||   142
Dodge: Dodged            |    31 |    67 |    56 |    98 ||   252

Table legend: (Time is in decaauts)
 A = Elapsed time spent in this place.
 B = Non-inter-level travel time spent in this place.
 C = Inter-level travel time spent in this place.
 D = Time resting spent in this place.
 E = Time spent auto-exploring this place.
 F = Levels seen in this place.
 G = Mean time per level.
                   A        B        C        D        E       F      G
               +--------+--------+--------+--------+--------+-----+--------+
         Total |  12776 |  12096 |    680 |    269 |  10095 |  13 |  982.8 |
       Dungeon |  12150 |  11470 |    680 |    269 |   9727 |  11 | 1104.5 |
          Lair |    618 |    618 |      0 |      0 |    368 |   1 |  618.0 |
      Ice Cave |      7 |      7 |      0 |      0 |      0 |   1 |    7.0 |
               +--------+--------+--------+--------+--------+-----+--------+

Top non-repeatable levels by time:
    D:10: 2127 daAuts
     D:7: 1508 daAuts
     D:3: 1173 daAuts
     D:9: 1134 daAuts
     D:1: 1096 daAuts
     D:4: 1018 daAuts
     D:8: 960 daAuts
     D:2: 916 daAuts
     D:5: 771 daAuts
    D:11: 723 daAuts
     D:6: 719 daAuts
  Lair:1: 618 daAuts
   IceCv: 7 daAuts
